 Dungeon Crawl Stone Soup version 0.30-a0-341-g682706514a (webtiles) character file.

Game seed: 9434747028138516075

142627 Lanoc the Hand of Fortune (level 16, 0/162 HPs)
             Began as a Troll Transmuter on Nov 3, 2022.
             Was the Champion of Nemelex Xobeh.
             Slain by a merfolk
             ... wielding a +4 spear
             ... led by a merfolk impaler
              (17 damage)
             ... on level 3 of the Shoals.
             The game lasted 01:09:20 (25983 turns).

Lanoc the Hand of Fortune (Troll Transmuter)       Turns: 25983, Time: 01:09:20

Health: 0/162      AC: 13    Str: 26    XL:     16   Next: 80%
Magic:  27/27      EV: 16    Int: 11    God:    Nemelex Xobeh [******]
Gold:   514        SH:  8    Dex: 10    Spells: 14/17 levels left

rFire   + . .      SeeInvis +    d - +8 demon trident (elec)
rCold   + + +      Faith    +    Z - +0 kite shield {reflect}
rNeg    . . .      Spirit   .    Y - +4 skin of Zhor {*Englaciate rC+++ SInv}
rPois   .          Reflect  +    S - +2 hat
rElec   +          Harm     .    O - +2 cloak {Stlth+}
rCorr   .          Rampage  .    (gloves unavailable)
Will    ++...                    (boots unavailable)
Stlth   ++........               R - amulet of faith
HPRegen 1.27/turn                a - ring "Acsoac" {rElec rF+ Will+}
MPRegen 0.20/turn                K - +4 ring of evasion

@: lethally poisoned (0 -> -2), slowed, studying Ice Magic, very slow
A: large, unfitting armour, claws 3, regeneration 1, shaggy fur 1, tough skin 1
a: Renounce Religion, Draw Escape, Draw Destruction, Draw Summoning, Draw Stack,
Triple Draw, Deal Four, Stack Five


You were on level 3 of the Shoals.
You worshipped Nemelex Xobeh.
Nemelex Xobeh was exalted by your worship.
You visited 5 branches of the dungeon, and saw 26 of its levels.
You also visited: Sewer, Ossuary, Bailey and Gauntlet.

You collected 2992 gold pieces.
You spent 2478 gold pieces at shops.

Inventory:

Hand Weapons
 d - a +8 demon trident of electrocution (weapon)
Missiles
 e - a throwing net
Armour
 B - +0 steam dragon scales
 L - an orb of mayhem
 O - a +2 cloak of stealth (worn)
 S - a +2 hat (worn)
 Y - the +4 skin of Zhor (worn) {*Englaciate rC+++ SInv}
   (You bought it in a shop on level 13 of the Dungeon)

   It radiates cold, occasionally slowing all nearby creatures who are not
   resistant to cold.
   rC:        It renders you almost immune to cold.
   SInv:      It lets you see invisible.
 Z - a +0 kite shield of reflection (worn)
Jewellery
 a - the ring "Acsoac" (left claw) {rElec rF+ Will+}
   (You found it in a Gauntlet)

   [ring of willpower]

   rF:        It protects you from fire.
   rElec:     It insulates you from electricity.
   Will:      It increases your willpower.
 f - the ring "Huriorphi" {Ice Slay+2}
   (You found it on level 10 of the Dungeon)

   [ring of ice]

   It enhances your ice magic.
   Slay:      It affects your accuracy & damage with ranged weapons and melee
   (+2).
   rF:        It makes you vulnerable to fire.
   rC:        It protects you from cold.
 k - a +6 ring of intelligence
 y - a +6 ring of strength
 z - a +6 ring of dexterity
 K - a +4 ring of evasion (right claw)
 R - an amulet of faith (around neck)
 X - a +4 ring of evasion
Wands
 p - a wand of acid (11)
 F - a wand of roots (19)
 H - a wand of charming (27)
 I - a wand of polymorph (16)
 J - a wand of mindburst (31)
 P - a wand of flame (6)
Scrolls
 g - 18 scrolls of teleportation
 i - 3 scrolls of vulnerability
 n - 4 scrolls of enchant armour
 q - 6 scrolls of summoning
 r - 5 scrolls of blinking
 u - 7 scrolls of butterflies
 A - 2 scrolls of brand weapon
 C - a scroll of fear
 D - 6 scrolls of poison
 E - 7 scrolls of immolation
 M - 6 scrolls of identify
 N - 3 scrolls of silence
 Q - 2 scrolls of magic mapping
 U - 2 scrolls of torment
 W - a scroll of amnesia
Potions
 b - 4 potions of lignification
 c - 9 potions of flight
 h - 4 potions of heal wounds
 j - 14 potions of curing
 l - 4 potions of brilliance
 m - 4 potions of berserk rage
 o - 5 potions of invisibility
 s - 9 potions of mutation
 t - 4 potions of attraction
 v - 4 potions of might
 w - 3 potions of cancellation
 x - 5 potions of haste
 G - 2 potions of resistance
 T - 7 potions of ambrosia
Miscellaneous
 V - a box of beasts


   Skills:
 + Level 11.1 Fighting
 - Level 14.0 Polearms
 + Level 11.2 Dodging
 * Level 5.1 Shields
 - Level 3.7 Unarmed Combat
 - Level 1.2 Spellcasting
 - Level 1.8 Transmutations
 * Level 16.6 Invocations


You had 14 spell levels left.
You knew the following spells:

 Your Spells              Type           Power      Damage    Failure   Level
a - Beastly Appendage     Tmut           8%         N/A       32%         1
d - Wereblood             Tmut           4%         N/A       45%         2

Your spell library contained the following spells:

 Spells                   Type           Power      Damage    Failure   Level
 Sting                    Tmut/Pois      8%         1d3       43%         1
 Kiss of Death            Conj/Necr      0%         2d5       56%         1
 Spider Form              Tmut/Pois      2%         N/A       82%         3
 Dazzling Flash           Conj/Hex       0%         N/A       91%         3
 Gell's Gravitas          Tloc           0%         N/A       91%         3
 Inner Flame              Hex/Fire       0%         N/A       91%         3
 Kindle Blastsparks       Fire/Tloc/Air  0%         2d10      91%         3
 Lesser Beckoning         Tloc           0%         N/A       91%         3
 Ozocubu's Armour         Ice            0%         N/A       91%         3
 Stone Arrow              Conj/Erth      0%         3d7       91%         3
 Teleport Other           Tloc           0%         N/A       91%         3
 Tukima's Dance           Hex            0%         N/A       91%         3
 Vhi's Electric Charge    Tloc/Air       0%         N/A       91%         3
 Ice Form                 Ice/Tmut       2%         N/A       99%         4
 Animate Armour           Summ/Erth      0%         N/A       100%        4
 Cause Fear               Hex            0%         N/A       100%        4
 Flame Wave               Conj/Fire      0%         2d4       100%        4
 Fulminant Prism          Conj/Hex       0%         3d5       100%        4
 Iskenderun's Mystic Bla  Conj/Tloc      0%         2d3       100%        4
 Manifold Assault         Tloc           0%         N/A       100%        4
 Passage of Golubria      Tloc           0%         N/A       100%        4
 Sticky Flame             Conj/Fire      0%         2d3       100%        4
 Summon Ice Beast         Ice/Summ       0%         N/A       100%        4
 Alistair's Intoxication  Tmut/Pois      1%         N/A       100%        5
 Arcjolt                  Conj/Air       0%         1d10      100%        5
 Fireball                 Conj/Fire      0%         3d3       100%        5
 Lee's Rapid Deconstruct  Erth           0%         3d4*      100%        5
 Metabolic Englaciation   Hex/Ice        0%         N/A       100%        5
 Summon Mana Viper        Hex/Summ       0%         N/A       100%        5
 Yara's Violent Unravell  Hex/Tmut       1%         3d3       100%        5
 Dispersal                Tloc           0%         N/A       100%        6
 Iron Shot                Conj/Erth      0%         9d1       100%        6
 Simulacrum               Ice/Necr       0%         N/A       100%        6
 Statue Form              Tmut/Erth      1%         N/A       100%        6
 Enfeeble                 Hex            0%         N/A       100%        7
 Monstrous Menagerie      Summ           0%         N/A       100%        7
 Orb of Destruction       Conj           0%         9d5       100%        7
 Storm Form               Tmut/Air       1%         N/A       100%        7
 Disjunction              Tloc           0%         N/A       100%        8
 Maxwell's Capacitive Co  Air            0%         ∞         100%        8
 Chain Lightning          Conj/Air       0%         N/A       100%        9
 Fire Storm               Conj/Fire      0%         5d1       100%        9
 Shatter                  Erth           0%         3d5*      100%        9


Dungeon Overview and Level Annotations

Branches:
Dungeon (15/15)            Temple (1/1) D:7            Lair (5/5) D:10
 Shoals (3/4) Lair:2        Snake (0/4) Lair:2        Slime (0/5) Lair:4
    Orc (2/2) D:11            Elf (0/3) Orc:2        Vaults (0/5) D:13
  Sewer (visited)         Ossuary (visited)          Bailey (visited)
Gauntlet (visited)
 Depths: D:15

Altars:
Ashenzari
Cheibriados
Dithmenos
Elyvilon
Fedhas
Gozag
Hepliaklqana
Kikubaaqudgha
Makhleb
Nemelex Xobeh
Okawaru
Qazlal
Ru
Sif Muna
Trog
Uskayaw
Vehumet
Wu Jian
Xom
Yredelemnul
Zin
The Shining One

Shops:
D:2 [   D:4 [**[:   D:13 [   Orc:1 [   Orc:2 !=??::?   Shoals:2 [

Portals:
Trove: D:11 (give +3 storm dragon scales)

Annotations:
D:4 exclusion: oklob plant


Innate Abilities, Weirdness & Mutations

You are too large for most types of armour.
You have claws for hands.
Your natural rate of healing is unusually fast.
You are covered in fur. (AC +1)
You have tough skin. (AC +1)


Message History

You draw a card...
You have drawn the Orb.
Press: ? - help, Shift-Dir - straight line, f/p - merfolk impaler
Aim: a merfolk impaler, wielding a +1 trident of venom, wearing a +0 leather armour and quivering curare-tipped darts (almost dead, very poisoned, slow, covered in acid)
You feel extremely sick.
The wavering orb of destruction hits the merfolk impaler!!!
You blow up the merfolk impaler!
The merfolk hits you but does no damage.
You block the merfolk's attack. The merfolk closely misses you.
The merfolk hits you from afar with a +0 spear!
* * * LOW HITPOINT WARNING * * *
You draw a card...
You have drawn the Orb.
Press: ? - help, Shift-Dir - straight line, f - merfolk
Aim: a merfolk, wielding a +0 spear You radiate an aura of cold.
Your orb of destruction is unaffected.
The merfolk resists.
The merfolk seems to slow down.
You feel very sick.
The wavering orb of destruction hits the merfolk!!!
The merfolk is severely wounded.
You block the merfolk's attack.
The merfolk hits you from afar with a +0 spear.
* * * LOW HITPOINT WARNING * * *
Reach: d) +8 demon trident (elec)
Press: ? - help, Dir - move target, f/p - merfolk
Aim: a merfolk, wielding a +0 spear (severely wounded, slow, about 31% to evade your +8 demon trident of electrocution)
You reach to attack!
You impale the merfolk!!
You kill the merfolk!
You hear a splash.
You feel very sick.
The merfolk hits you from afar with a +4 spear!
* * * LOW HITPOINT WARNING * * *
Reach: d) +8 demon trident (elec)
Press: ? - help, Dir - move target, f - merfolk
Aim: a merfolk, wielding a +4 spear (about 31% to evade your +8 demon trident of electrocution)
You reach to attack!
You closely miss the merfolk.
You feel sick.
The merfolk hits you from afar with a +4 spear!
You die...
Your body glows with a rainbow of weird colours and disappears.

~~~~~~~~.~~~~~~~≈≈≈≈≈≈≈≈≈
.~~~~~.~~...~~~~~~≈≈≈≈≈≈≈
.~~~~~.......~..~~≈≈≈≈≈≈≈
.~~~~~........)..~~≈≈≈≈≈≈
.~~~~<....~.(...~~~~≈≈≈≈≈
.~~~~.#.....†.....~~~≈≈≈≈
~~~.~.##...........~~≈≈≈≈
~~~.~...#####.......~≈≈≈≈
~~~~~...# ####@...~≈≈≈≈
~~~~~~..# #....~≈≈≈≈
≈≈≈~~~..# #...)m)~~≈≈≈≈≈
≈≈~~~~...........~PP≈≈≈≈≈
≈≈~~~..~~........P.~≈≈≈≈
≈≈~~~..~~~.......~P~≈≈≈≈
≈≈≈≈~..~~...##...~~≈≈≈≈≈
~≈~~~........#....~P≈≈≈≈
~≈~~~~~~[..~~.....~~≈≈≈≈


You could see a merfolk.

Vanquished Creatures
  A kraken (Shoals:2)
  A frost giant (Shoals:2)
  7 merfolk impalers
  5 hydras
  Erolcha (D:10)
  A death knight (D:14)
  An alligator snapping turtle (Shoals:3)
  A merfolk aquamancer (Shoals:3)
  3 boulder beetles
  5 two-headed ogres
  11 centaur warriors
  2 death yaks (Lair:4)
  A death scarab (Gauntlet)
  6 orc high priests (Orc:2)
  Nergalle (D:11)
  9 sea snakes
  Lodul (D:10)
  A spectral catoblepas (Gauntlet)
  A death drake (shapeshifter) (D:13)
  A goliath frog (Lair:5)
  An orc knight (Orc:1)
  2 lindwurms (Lair:3)
  8 fauns
  9 harpies
  5 ugly things (D:14)
  2 orc sorcerers
  2 deep elf pyromancers (D:12)
  6 cyclopes
  A moth of wrath (shapeshifter) (D:14)
  3 elephants (Lair:5)
  8 manticores
  Maurice (D:9)
  2 black mambas (Lair:4)
  9 merfolk sirens
  Joseph (Lair:1)
  A water nymph (Shoals:3)
  4 orange demons (D:12)
  A gargoyle (Bailey)
  18 cane toads
  4 rime drakes
  Maggie (D:10)
  2 efreet
  A torpor snail (Lair:5)
  A freezing wraith (D:13)
  5 komodo dragons
  A polar bear (Lair:1)
  A queen bee (Lair:1)
  7 trolls
  3 wind drakes
  4 red devils (D:12)
  3 tyrant leeches (Lair:5)
  16 merfolk
  A dream sheep (shapeshifter) (D:13)
  8 slime creatures
  18 blink frogs
  17 dream sheep
  A shadow (D:12)
  7 snapping turtles
  5 water elementals
  A yak (shapeshifter) (D:13)
  A culicivora (Shoals:2)
  3 wraiths
  2 wyverns
  6 basilisks
  A steam dragon (shapeshifter) (D:13)
  43 yaks
  20 vampire mosquitoes
  2 sea snake simulacra (Shoals:2)
  2 steam dragons
  2 death yak simulacra (Shoals:2)
  2 acid dragons
  2 harpy simulacra (Shoals:2)
  6 wargs
  3 nagas (Lair:2)
  10 water moccasins
  4 sky beasts
  4 ice beasts
  15 ogres
  14 orc warriors
  A black bear (shapeshifter) (Lair:5)
  6 black bears
  A satyr simulacrum (Shoals:2)
  12 wolves
  11 centaurs
  10 bullfrogs
  5 kobold brigands
  3 necrophages
  2 merfolk simulacra (Shoals:2)
  A gnoll sergeant (D:9)
  6 scorpions
  2 faun simulacra (Shoals:2)
  5 water moccasin zombies (Ossuary)
  4 wights (D:7)
  26 killer bees
  A snapping turtle simulacrum (Shoals:2)
  2 manticore simulacra (Shoals:2)
  8 vampire bats (Bailey)
  5 howler monkeys
  6 wolf zombies (Bailey)
  11 electric eels
  A lava snake (D:14)
  5 hounds
  2 jellies
  26 orc priests
  2 gnoll boudas
  3 iguanas
  18 orc wizards
  A centaur simulacrum (Shoals:2)
  2 mummies (Ossuary)
  16 gnolls
  13 adders
  4 river rats (Sewer)
  A white imp (D:8)
  7 adder zombies (Ossuary)
  4 worms
  3 dart slugs
  80 orcs
  7 bats
  5 endoplasms
  A giant cockroach (D:3)
  4 hobgoblins
  7 jackals
  3 quokkas
  8 ball pythons
  9 frilled lizards
  4 gnoll zombies (Ossuary)
  10 goblins
  A hobgoblin zombie (Ossuary)
  25 kobolds
  4 kobold zombies (Ossuary)
  21 orc zombies
  9 rats
  3 tentacles (Shoals:2)
830 creatures vanquished.

Vanquished Creatures (collateral kills)
  Roxanne (Shoals:3)
  Donald (Shoals:1)
  A minotaur (Gauntlet)
  2 merfolk javelineers
  An ettin (Orc:1)
  A hydra (Lair:4)
  9 death yaks (Lair:4)
  A steelbarb worm (Shoals:2)
  A kraken simulacrum (Shoals:2)
  3 harpies
  An obsidian statue (Gauntlet)
  An orc knight (Orc:1)
  10 ugly things (D:14)
  2 slime creatures (D:14)
  A mana viper (D:10)
  2 fauns
  3 elephants (Lair:4)
  A cane toad (Lair:5)
  A merfolk siren (Shoals:1)
  A gargoyle (D:11)
  A komodo dragon (Lair:4)
  A torpor snail (Lair:5)
  A troll (D:11)
  8 merfolk
  3 blink frogs
  A polar bear (Lair:5)
  11 dream sheep
  A vampire (Bailey)
  2 yaks
  An alligator snapping turtle simulacrum (Shoals:2)
  A basilisk (Lair:5)
  A hog (Lair:5)
  5 humans (Lair:5)
  A death yak simulacrum (Shoals:2)
  2 vampire mosquitoes (Lair:5)
  A harpy simulacrum (Shoals:2)
  A naga (Lair:2)
  An acid dragon (Lair:5)
  2 water moccasins
  5 centaurs (D:14)
  An ice beast (D:8)
  2 wolves (Lair:5)
  An ogre (Orc:1)
  2 bullfrogs
  A faun simulacrum (Shoals:2)
  A merfolk simulacrum (Shoals:2)
  4 wights
  A snapping turtle simulacrum (Shoals:2)
  2 howler monkeys (D:9)
  2 cyclops simulacra (Shoals:2)
  10 orc priests
  A gnoll bouda (Orc:1)
  3 orc wizards
  2 gnolls
  A worm (Lair:5)
  10 orcs
138 creatures vanquished.

Vanquished Creatures (others)
  Kirke (Lair:5)
  An ogre mage (D:10)
  An elephant (Lair:4)
  A black mamba (Lair:5)
  A cane toad (Lair:5)
  A blink frog (Lair:4)
  A troll (Lair:5)
  3 dream sheep (Lair:5)
  5 yaks
  A fire bat (Lair:5)
  An acid dragon (Lair:5)
  A swamp drake (Lair:5)
  A wolf (Lair:5)
  A centaur (D:14)
  2 orc priests (Orc:2)
  2 orc wizards (Orc:2)
  7 orcs
  32 fungi
  160 plants
  12 tentacles (Shoals:2)
235 creatures vanquished.

Grand Total: 1203 creatures vanquished

Notes
Turn   | Place    | Note
-------+----------+-------------------------------------------
     0 | D:1      | Lanoc the Troll Transmuter began the quest for the Orb.
     0 | D:1      | Reached XP level 1. HP: 18/18 MP: 1/1
    33 | D:1      | Found a faded altar of an unknown god.
    64 | D:1      | Prayed at the altar of an unknown god.
    64 | D:1      | Became a worshipper of Nemelex Xobeh the Trickster
    64 | D:1      | Reached * piety under Nemelex Xobeh
    64 | D:1      | Received a gift from Nemelex Xobeh
   103 | D:1      | Reached skill level 1 in Fighting
   120 | D:1      | Reached XP level 2. HP: 27/27 MP: 2/2
   515 | D:1      | Received a gift from Nemelex Xobeh
   668 | D:2      | Found Goeppevi's Armour Emporium.
   811 | D:2      | Reached XP level 3. HP: 24/33 MP: 1/3
   961 | D:2      | Reached ** piety under Nemelex Xobeh
  1153 | D:2      | Learned a level 2 spell: Wereblood
  1341 | D:3      | Found a snail-covered altar of Cheibriados.
  1421 | D:3      | Reached skill level 1 in Invocations
  1421 | D:3      | Reached XP level 4. HP: 31/41 MP: 4/4
  1457 | D:3      | Found a glowing drain.
  1479 | Sewer    | Entered a sewer
  1509 | Sewer    | Reached XP level 5. HP: 49/49 MP: 5/5
  1513 | Sewer    | Reached skill level 1 in Polearms
  1751 | Sewer    | Reached skill level 2 in Invocations
  2355 | D:4      | Found Wasmagoa's Antique Armour Boutique.
  2392 | D:4      | Found Pyin's Book Emporium.
  2411 | D:4      | Found an ornate altar of the Wu Jian Council.
  2417 | D:4      | Reached XP level 6. HP: 57/57 MP: 6/6
  2574 | D:4      | Reached *** piety under Nemelex Xobeh
  2583 | D:4      | Found a sand-covered staircase.
  2587 | Ossuary  | Entered an ossuary
  2670 | Ossuary  | Reached skill level 3 in Invocations
  2674 | Ossuary  | Reached XP level 7. HP: 61/66 MP: 8/8
  2820 | D:4      | Found Guclic's Assorted Antiques.
  2825 | D:4      | Found Itzyur's Assorted Antiques.
  2846 | D:4      | Bought a fuming emerald potion for 26 gold pieces
  2846 | D:4      | Bought a scroll labelled IFERYR ZAIPLIO for 29 gold pieces
  2846 | D:4      | Bought a fuming emerald potion for 26 gold pieces
  2846 | D:4      | Bought a brown potion for 26 gold pieces
  2851 | D:4      | Bought a viscous blue potion for 26 gold pieces
  2910 | D:4      | Reached skill level 4 in Invocations
  3078 | D:4      | Found a blossoming altar of Fedhas.
  3091 | D:4      | Noticed an oklob plant
  3171 | D:4      | Found a stormy altar of Qazlal.
  3315 | D:4      | Found Ajuemit's Armour Boutique.
  3508 | D:5      | Entered Level 5 of the Dungeon
  3544 | D:5      | Reached XP level 8. HP: 74/75 MP: 10/10
  3751 | D:5      | Reached skill level 5 in Invocations
  3830 | D:5      | Received a gift from Nemelex Xobeh
  3998 | D:6      | Reached skill level 5 in Polearms
  4041 | D:6      | Reached XP level 9. HP: 84/84 MP: 12/12
  4148 | D:6      | Reached skill level 6 in Invocations
  4247 | D:6      | Reached **** piety under Nemelex Xobeh
  4396 | D:6      | Found a sparkling altar of Nemelex Xobeh.
  4769 | D:6      | Found an ancient bone altar of Kikubaaqudgha.
  5007 | D:7      | Received a gift from Nemelex Xobeh
  5047 | D:7      | Found a staircase to the Ecumenical Temple.
  5117 | Temple   | Entered the Ecumenical Temple
  5200 | D:7      | Reached skill level 7 in Invocations
  5371 | D:7      | Reached ***** piety under Nemelex Xobeh
  5406 | D:7      | Reached skill level 5 in Dodging
  5421 | D:7      | Found an opulent altar of Gozag.
  5829 | D:8      | Found a flagged portal.
  5852 | Bailey   | Entered a bailey
  5879 | Bailey   | Received a gift from Nemelex Xobeh
  5912 | Bailey   | Noticed a gargoyle
  5931 | Bailey   | Killed a gargoyle
  5932 | Bailey   | Reached XP level 10. HP: 53/94 MP: 14/14
  6083 | Bailey   | Reached skill level 5 in Fighting
  6364 | D:8      | Received a gift from Nemelex Xobeh
  6434 | D:8      | Reached skill level 8 in Invocations
  6731 | D:8      | Found a hide-covered altar of Uskayaw.
  6938 | D:8      | Got Ofikaup's Incunabulum of Filth and Transmigration
  7456 | D:9      | Received a gift from Nemelex Xobeh
  7550 | D:9      | Noticed a two-headed ogre
  7552 | D:9      | Killed a two-headed ogre
  7679 | D:9      | Reached XP level 11. HP: 104/105 MP: 16/16
  7716 | D:9      | Received a gift from Nemelex Xobeh
  7794 | D:9      | Noticed Maurice
  7802 | D:9      | Killed Maurice
  7805 | D:9      | Reached skill level 9 in Invocations
  7948 | D:9      | Noticed a two-headed ogre
  7954 | D:9      | Killed a two-headed ogre
  8142 | D:10     | Entered Level 10 of the Dungeon
  8480 | D:10     | Noticed Lodul
  8484 | D:10     | Killed Lodul
  8499 | D:10     | Found a shimmering blue altar of Sif Muna.
  8651 | D:10     | Received a gift from Nemelex Xobeh
  8706 | D:10     | Found a hazy altar of Hepliaklqana.
  8732 | D:10     | Found a shadowy altar of Dithmenos.
  8770 | D:10     | Noticed Maggie
  8905 | D:10     | Noticed Erolcha
  8910 | D:10     | Killed Erolcha
  8911 | D:10     | Reached skill level 10 in Invocations
  8997 | D:10     | Noticed a centaur warrior
  9009 | D:10     | Killed a centaur warrior
  9070 | D:10     | Identified the ring "Huriorphi" {Ice Slay+2}
  9104 | D:10     | Noticed a centaur warrior
  9113 | D:10     | Noticed a deep elf pyromancer
  9118 | D:10     | Killed a centaur warrior
  9124 | D:10     | a deep elf pyromancer changed into a mana viper
  9124 | D:10     | Noticed a mana viper
  9129 | D:10     | Noticed an ogre mage
  9133 | D:10     | Killed a mana viper
  9134 | D:10     | Reached XP level 12. HP: 44/115 MP: 12/18
  9146 | D:10     | Killed an ogre mage
  9277 | D:10     | Found a staircase to the Lair.
  9501 | D:10     | Killed Maggie
  9847 | D:11     | Found a staircase to the Orcish Mines.
  9927 | D:11     | Noticed a boulder beetle
  9945 | D:11     | Killed a boulder beetle
  9967 | D:11     | Noticed Nergalle
  9985 | D:11     | Killed Nergalle
 10250 | D:11     | Reached skill level 10 in Polearms
 10342 | D:11     | Received a gift from Nemelex Xobeh
 10404 | D:11     | Reached skill level 11 in Invocations
 10418 | D:11     | Found a portal to a secret trove of treasure.
 10837 | D:12     | Noticed a two-headed ogre
 10842 | D:12     | Killed a two-headed ogre
 11139 | D:12     | Received a gift from Nemelex Xobeh
 11402 | D:12     | Reached ****** piety under Nemelex Xobeh
 11679 | D:13     | Found Lapsar's Antique Armour Shoppe.
 11698 | D:13     | Found a gate to the Vaults.
 11886 | D:13     | Received a gift from Nemelex Xobeh
 11913 | D:13     | Noticed a two-headed ogre
 11920 | D:13     | Killed a two-headed ogre
 11993 | D:13     | Noticed a centaur warrior
 12009 | D:13     | Killed a centaur warrior
 12010 | D:13     | Reached XP level 13. HP: 88/127 MP: 20/20
 12651 | D:13     | Reached skill level 12 in Invocations
 12717 | D:13     | Found a broken altar of Ashenzari.
 12921 | D:13     | Got the Compilation of Metal and Battle Magic
 12966 | D:13     | Received a gift from Nemelex Xobeh
 13252 | D:14     | Received a gift from Nemelex Xobeh
 13279 | D:14     | Found a gate leading to a gauntlet.
 13297 | Gauntlet | Entered a Gauntlet
 13297 | Gauntlet | Found a transporter.
 13297 | Gauntlet | Found a transporter.
 13315 | Gauntlet | Found a transporter.
 13319 | Gauntlet | Found a transporter.
 13328 | Gauntlet | Found a transporter.
 13331 | Gauntlet | Found a transporter.
 13339 | Gauntlet | Found a transporter.
 13356 | Gauntlet | Found a transporter.
 13371 | Gauntlet | Found a transporter.
 13375 | Gauntlet | Found a transporter.
 13383 | Gauntlet | Found a transporter.
 13387 | Gauntlet | Found a transporter.
 13462 | Gauntlet | Identified the +8 long sword of Valour {freeze, rElec rC+
                  | Will- Str+5}
 13577 | Gauntlet | Identified the ring "Acsoac" {rElec rF+ Will+}
 13593 | Gauntlet | Noticed a minotaur
 13611 | Gauntlet | Killed a minotaur
 13815 | D:14     | Received a gift from Nemelex Xobeh
 13962 | D:14     | Received a gift from Nemelex Xobeh
 14056 | D:14     | Got the Tractate on Spellbinding
 14141 | D:14     | Reached skill level 13 in Invocations
 14543 | D:14     | Reached XP level 14. HP: 112/137 MP: 22/22
 14742 | D:15     | Entered Level 15 of the Dungeon
 14755 | D:15     | Received a gift from Nemelex Xobeh
 14907 | Orc:1    | Entered Level 1 of the Orcish Mines
 14907 | Orc:1    | Found Aczyzas's Antique Armour Boutique.
 15093 | Orc:2    | Entered Level 2 of the Orcish Mines
 16154 | Orc:2    | Received a gift from Nemelex Xobeh
 16161 | Orc:2    | Found Yfaeri's Magic Scroll Emporium.
 16165 | Orc:2    | Found a bloodstained altar of Trog.
 16189 | Orc:2    | Bought a scroll of blinking for 90 gold pieces
 16189 | Orc:2    | Bought a scroll of enchant weapon for 90 gold pieces
 16189 | Orc:2    | Bought a scroll of teleportation for 36 gold pieces
 16212 | Orc:2    | Found Cip Ixom's Book Shoppe.
 16319 | Orc:2    | Found Najyguv's Book Shoppe.
 16319 | Orc:2    | Found Yxeus's Magic Scroll Shop.
 16334 | Orc:2    | Bought a scroll of teleportation for 48 gold pieces
 16334 | Orc:2    | Bought a scroll of teleportation for 48 gold pieces
 16334 | Orc:2    | Bought a scroll of enchant weapon for 120 gold pieces
 16334 | Orc:2    | Bought a scroll of butterflies for 64 gold pieces
 16438 | Orc:2    | Found Xiyruu's Jewellery Shoppe.
 16438 | Orc:2    | Found Woin's Distillery.
 16472 | Orc:2    | Bought a potion of heal wounds for 60 gold pieces
 16472 | Orc:2    | Bought a potion of heal wounds for 60 gold pieces
 16513 | Orc:2    | Found a staircase to the Elven Halls.
 16537 | Orc:2    | Found a shimmering blue altar of Sif Muna.
 16601 | Orc:2    | Found Cyrchekh's Magic Scroll Boutique.
 17028 | Lair:1   | Entered Level 1 of the Lair of Beasts
 17158 | Lair:1   | Received a gift from Nemelex Xobeh
 17171 | Lair:1   | Noticed Joseph
 17179 | Lair:1   | Killed Joseph
 17414 | Lair:1   | Received a gift from Nemelex Xobeh
 18063 | Lair:2   | Found a staircase to the Shoals.
 18211 | Lair:2   | Found a staircase to the Snake Pit.
 18361 | Lair:2   | Noticed Sonja
 18365 | Lair:2   | Sonja changed into Sonja the orc
 18365 | Lair:2   | Noticed Sonja
 18369 | Lair:2   | Killed Sonja the orc
 18550 | Lair:2   | Received a gift from Nemelex Xobeh
 18851 | Lair:3   | Reached skill level 14 in Invocations
 19157 | Lair:3   | Received a gift from Nemelex Xobeh
 19666 | Lair:4   | Received a gift from Nemelex Xobeh
 19942 | Lair:4   | Found a staircase to the Slime Pits.
 20024 | Lair:4   | Reached XP level 15. HP: 61/148 MP: 24/24
 20063 | Lair:4   | Received a gift from Nemelex Xobeh
 20444 | Lair:4   | Received a gift from Nemelex Xobeh
 20645 | Lair:5   | Entered Level 5 of the Lair of Beasts
 20704 | Lair:4   | Identified the +0 long sword of a Million Moons {vorpal,
                  | Drain rElec rC+++ Will+}
 21063 | Lair:5   | Reached skill level 10 in Dodging
 21253 | Lair:5   | Identified the +9 plate armour "Api Dem" {rElec rC+ Will+
                  | Dex-2}
 21284 | Lair:5   | Received a gift from Nemelex Xobeh
 21314 | Lair:5   | Reached skill level 10 in Fighting
 21373 | Lair:5   | Noticed Kirke
 21386 | Lair:5   | Killed Kirke
 21395 | Lair:5   | Reached skill level 15 in Invocations
 21526 | Lair:5   | Received a gift from Nemelex Xobeh
 21847 | Lair:5   | Found the +6 Majin-Bo {vamp, MP+6 Int+6}
 22006 | Lair:5   | Received a gift from Nemelex Xobeh
 22121 | Lair:5   | Got the Lessons on Transposition
 22394 | D:13     | Bought the +4 skin of Zhor {*Englaciate rC+++ SInv} for
                  | 1729 gold pieces
 22394 | D:13     | Found the +4 skin of Zhor {*Englaciate rC+++ SInv}
 22536 | Shoals:1 | Entered Level 1 of the Shoals
 22970 | Shoals:1 | Got the Dissertation on Lithic Blasts
 23027 | Shoals:1 | Received a gift from Nemelex Xobeh
 23369 | Shoals:1 | Reached XP level 16. HP: 140/159 MP: 26/26
 23396 | Shoals:1 | Received a gift from Nemelex Xobeh
 23545 | Shoals:1 | Received a gift from Nemelex Xobeh
 23890 | Shoals:2 | Noticed Donald
 23890 | Shoals:2 | Found a runed translucent gate.
 23891 | Shoals:2 | Found a runed translucent gate.
 23892 | Shoals:2 | Found a runed translucent gate.
 23910 | Shoals:1 | Killed Donald
 24049 | Shoals:2 | Reached skill level 1 in Shields
 24114 | Shoals:2 | Reached skill level 16 in Invocations
 24174 | Shoals:2 | Found Icupsil's Antique Armour Emporium.
 24179 | Shoals:2 | Received a gift from Nemelex Xobeh
 24371 | Shoals:2 | Noticed a kraken
 24397 | Shoals:2 | Killed a kraken
 24798 | Shoals:2 | Received a gift from Nemelex Xobeh
 25561 | Shoals:3 | Received a gift from Nemelex Xobeh
 25717 | Shoals:3 | Identified Roxanne's Grimoire of Variation
 25717 | Shoals:3 | Noticed Roxanne
 25747 | Shoals:3 | Killed Roxanne
 25917 | Shoals:3 | Reached skill level 5 in Shields
 25983 | Shoals:3 | Slain by a merfolk

Illustrated notes

Levels and vault maps discovered:
D:1:      scummos_arrival_hexagon, layout_loops_cross,
          chequers_ecumenical_altar_island, minmay_misc_feat_more_columns
D:2:      layout_basic, serial_shops, nicolae_diamond_shop
D:3:      layout_loops_ring, kennysheep_slug_shrine,
          cheibrodos_sewer_entry_sluice, serial_bayou_pond_c
D:4:      layout_basic, mainiacjoe_overflow_catwalk,
          mainiacjoe_overflow_six_doors_small, tgw_fedhas, enter_ossuary_5,
          serial_shops, nicolae_shop_trees, nicolae_shop_stone,
          nicolae_shop_hallway_stairs, shop, nicolae_shop_crystal, st_stairs_8
D:5:      layout_rooms
D:6:      layout_basic, marbit_many_paths, nemelex_xobeh_ov_fountains_minmay,
          grunt_ministairs_6
D:7:      layout_basic, nicolae_gozag_cash_rules_everything_around_me,
          minmay_temple_entry_glass
D:8:      layout_loops_corners, overflow_temple_1_default, enter_bailey_3
D:9:      nicolae_whirlpool, layout_rooms, minmay_starry_boxes, uniq_maurice
D:10:     minmay_the_grid_octo_2x2 [minmay_the_grid_octo_empty,
          minmay_the_grid_octo_tetromino_candy, minmay_the_grid_octo_chip,
          minmay_the_grid_octo_prize_single_spiral], layout_loops_ring,
          mainiacjoe_overflow_24_doors, mainiacjoe_overflow_brackets,
          grunt_dithmenos_smoke_and_mirrors, erik_lair_orcish_takeover,
          serial_bayou, serial_bayou_lake_a, serial_bayou_lagoon_a,
          serial_bayou_pond_e, serial_bayou_shore_b, serial_bayou_pond_a,
          blue_anna_alchemist, uniq_erolcha, uniq_lodul, uniq_maggie
D:11:     layout_roguey, orc_0_dummy, nicolae_trove_entry_crystal, uniq_nergalle
D:12:     layout_basic, minivault_5, minmay_beelzebubs_servants
D:13:     layout_long_grid, david_vaults_2, serial_shops,
          nicolae_shop_statue_plus, evilmike_ruin_ashenzari
D:14:     layout_basic, gauntlet_entry_generic, interstate_on_off
D:15:     gammafunk_depths_entry_grave, layout_cave_pods, xom_redecorated
Temple:   minmay_freezing_vapour_temple
Lair:1:   layout_loops_ring, special_room [special_room_bee], uniq_joseph
Lair:2:   layout_loops_ring, minmay_shoals_entry_hut,
          guppyfry_snake_entry_island, lemuel_fruit_fields, uniq_sonja
Lair:3:   beast_lair_carwin_large_1, layout_hall_layers, nicolae_lair_lindhole,
          grunt_megastairs_2
Lair:4:   layout_gridlike, slime_entry_1, beast_lair_carwin_2,
          grunt_megastairs_1
Lair:5:   minmay_lair_end_frog_pond, layout_small_grid, serial_bayou_shore_b,
          uniq_kirke
Shoals:1: layout_shoals, nicolae_shoals_flooded_hall
Shoals:2: layout_shoals, serial_shops, nicolae_shop_behind_doors,
          nicolae_shoals_beach_cooler, uniq_donald
Shoals:3: layout_shoals, uniq_roxanne
Orc:1:    layout_caves, serial_shops, shop, mines2_david
Orc:2:    st_orc_town, layout_caves, basic_altar, serial_shops,
          nicolae_square_shop, shop, nicolae_shop_window_shopping, led_sif_book

Skill      XL: |  1  2  3  4  5  6  7  8  9 10 11 12 13 14 15 16 |
---------------+-------------------------------------------------+-----
Fighting       | 1 2 3 4 5 6 7 8 9 10 11 | 11.1
Dodging        | 2 3 4 5 6 7 8 9 10 11 | 11.2
Invocations    | 1 2 3 4 5 7 8 10 11 13 14 15 16 | 16.6
Polearms       | 1 2 3 5 6 8 9 10 12 13 14 | 14.0
Shields        | 5 |  5.1
Unarmed Combat | |  3.7
Spellcasting   | |  1.2
Transmutations | |  1.8

Action                   |  1- 3 |  4- 6 |  7- 9 | 10-12 | 13-15 | 16-18 || total
-------------------------+-------+-------+-------+-------+-------+-------++-------
Melee: Unarmed           |    68 |       |       |       |       |       ||    68
       Punch             |     3 |     4 |     8 |    22 |     6 |       ||    43
       Kick              |     2 |       |       |       |       |       ||     2
       Headbutt          |     2 |       |       |       |       |       ||     2
       Demon trident     |    12 |   165 |   374 |   776 |  1352 |   398 ||  3077
 Cast: Beastly Appendage |    12 |       |       |       |       |       ||    12
       Wereblood         |       |       |       |       |     2 |       ||     2
Invok: Draw Destruction  |       |       |     4 |    13 |    16 |    13 ||    46
       Draw Escape       |       |       |     1 |     5 |     7 |     4 ||    17
       Draw Summoning    |       |       |       |     7 |    17 |     5 ||    29
       Stack Five        |       |       |       |     1 |       |       ||     1
Evoke: Wand              |       |       |       |     1 |     3 |     2 ||     6
  Use: Scroll            |     8 |     2 |     4 |     7 |    12 |     1 ||    34
       Potion            |       |       |       |       |     5 |     7 ||    12
 Stab: Sleeping          |       |     2 |     1 |     2 |     6 |       ||    11
       Distracted        |       |     1 |       |     4 |     6 |     1 ||    12
       Confused          |       |       |       |       |     1 |       ||     1
Armor: Robe              |    23 |    55 |    55 |       |       |       ||   133
       Steam dragon scal |       |       |    64 |   224 |   294 |       ||   582
       Animal skin       |       |       |       |       |    14 |    70 ||    84
Dodge: Dodged            |    26 |    76 |   115 |   423 |   907 |   206 ||  1753
Block: Kite shield       |       |       |       |       |       |   118 ||   118
       Reflection        |       |       |       |       |       |    28 ||    28

Table legend: (Time is in decaauts)
 A = Elapsed time spent in this place.
 B = Non-inter-level travel time spent in this place.
 C = Inter-level travel time spent in this place.
 D = Time resting spent in this place.
 E = Time spent auto-exploring this place.
 F = Levels seen in this place.
 G = Mean time per level.
                   A        B        C        D        E       F      G
               +--------+--------+--------+--------+--------+-----+--------+
         Total |  25821 |  24361 |   1460 |   1240 |  17059 |  30 |  860.7 |
       Dungeon |  13620 |  12593 |   1027 |    165 |   9601 |  15 |  908.0 |
        Temple |      1 |      1 |      0 |      0 |      0 |   1 |    1.0 |
          Lair |   5201 |   4921 |    280 |    249 |   3610 |   5 | 1040.2 |
        Shoals |   3446 |   3396 |     50 |    243 |   2228 |   3 | 1148.7 |
  Orcish Mines |   1966 |   1865 |    101 |    534 |    782 |   2 |  983.0 |
         Sewer |    412 |    412 |      0 |      0 |    272 |   1 |  412.0 |
       Ossuary |    234 |    234 |      0 |      0 |    105 |   1 |  234.0 |
        Bailey |    466 |    466 |      0 |      0 |    248 |   1 |  466.0 |
      Gauntlet |    471 |    471 |      0 |     49 |    212 |   1 |  471.0 |
               +--------+--------+--------+--------+--------+-----+--------+

Top non-repeatable levels by time:
    D:10: 1733 daAuts
    D:13: 1497 daAuts
Shoals:1: 1440 daAuts
  Lair:5: 1364 daAuts
    D:14: 1183 daAuts
     D:8: 1151 daAuts
  Lair:4: 1146 daAuts
   Orc:1: 1126 daAuts
    D:12: 1119 daAuts
Shoals:2: 1084 daAuts
     D:6: 1040 daAuts
     D:4: 944 daAuts
  Lair:2: 933 daAuts
Shoals:3: 921 daAuts
  Lair:1: 893 daAuts
